[Event "Early-Titled-Tuesday-Blitz-May-28-2024"]
[Site "Chess.com"]
[Date "2024.05.28"]
[Round "5"]
[White "janhelmer03"]
[Black "Herzog2012"]
[Result "0-1"]
[WhiteElo "2408"]
[BlackElo "2591"]
[TimeControl "180+1"]
[EndTime "8:56:40 PDT"]
[Termination "Herzog2012 won by resignation"]

1. Nf3 Nf6 2. c4 e6 3. Nc3 Bb4 4. Qc2 O-O 5. g3 d5 6. cxd5 exd5 7. d4 c5 8. Bg2 Nc6 9. O-O cxd4 10. Nb5 Qb6 11. Qd3 Bc5 12. Bf4 Nb4 13. Qb3 Qxb5 14. a3 Qc4 15. Qxc4 dxc4 16. axb4 Bb6 17. Ne5 c3 18.
bxc3 dxc3 19. Rfc1 h6 20. Nc4 Be6 21. Nxb6 axb6 22.
Rxa8 Rxa8 23. Rxc3 Bd5 24. Be5 Bxg2 25. Bxf6 Bc6 26.
f3 gxf6 27. Kf2 b5 28. Re3 Ra4 29. Rb3 Bd5 30. Rb2 Ra2 31. Rb1 Bc4 32. Re1 Rb2 33. Ke3 Rxb4 34. Kd4 Bxe2+ 35. Kc5 Rb2 36.
Kb6 b4 37. Kxb7 b3 38. Kb6 Rc2 39. Rb1 b2 40. Ka5 Bd3 41. Kb4 Rc4+ 42. Kb3 Bxb1 43. Kxc4 Bc2 0-1

[Event "Early-Titled-Tuesday-Blitz-May-28-2024"]
[Site "Chess.com"]
[Date "2024.05.28"]
[Round "5"]
[White "DeyanKostov"]
[Black "AldokhinIvan"]
[Result "0-1"]
[WhiteElo "2460"]
[BlackElo "2615"]
[TimeControl "180+1"]
[EndTime "8:56:41 PDT"]
[Termination "AldokhinIvan won by resignation"]

1. d4 Nf6 2. c4 g6 3. Nc3 Bg7 4. e4 d6 5. Nf3 O-O 6. h3 Nc6 7.
Be3 Re8 8. Be2 e5 9. d5 Nd4 10.
O-O Nxe2+ 11. Qxe2 Nh5 12. Nd2 Nf4 13. Bxf4 exf4 14.
Qd3 g5 15. Nf3 h5 16. Nd4 Qf6 17. Rad1 a6 18. Rfe1 Bd7 19. Nf5 Bh8 20. f3 Re5 21.
Nd4 Rae8 22. Nce2 g4 23. fxg4 hxg4 24. Nc3 gxh3 25. gxh3 Rg5+ 26. Kh2 Rg3 27. Rg1 Kf8 28. Rxg3 fxg3+ 29. Qxg3 Re5 30. Nf3 Rh5 31. h4 Qh6 32. Rg1 Be5 33. Nxe5 Rxh4+ 34. Kg2 dxe5 35. Kf2 Qd2+ 36.
Ne2 Rf4+ 0-1

[Event "Early-Titled-Tuesday-Blitz-May-28-2024"]
[Site "Chess.com"]
[Date "2024.05.28"]
[Round "5"]
[White "Rsnr"]
[Black "FairChess_on_YouTube"]
[Result "0-1"]
[WhiteElo "2910"]
[BlackElo "3090"]
[TimeControl "180+1"]
[EndTime "8:56:42 PDT"]
[Termination "FairChess_on_YouTube won by resignation"]

1. d4 Nf6 2. c4 e6 3. Nf3 a6 4.
Nc3 d5 5. cxd5 exd5 6. Bg5 Be6 7.
Bxf6 Qxf6 8. Qb3 Ra7 9. g3 Qd8 10. h4 Be7 11. Ng5 Bxg5 12. hxg5 Qxg5 13. Bg2 Nc6 14.
Nxd5 O-O 15. Qd3 g6 16. Nf4 Bd7 17. Qc3 Qa5 18. Qxa5 Nxa5 19. Nd5 Kg7 20. O-O Bc6 21. Nc3 Bxg2 22. Kxg2 Nc4 23. b3 Nd6 24. Rac1 Raa8 25.
e3 c6 26. Na4 Rad8 27. Nc5 Rfe8 28. Rfd1 h5 29. a4 Re7 30. Nd3 Ne4 31. Nc5 Nf6 32. b4 Rh8 33. Rb1 h4 34. gxh4 Rxh4 35. Rh1 Rg4+ 36. Kf3 Rg5 37. Ke2 Nd5 38. Kd3 Rg2 39.
Rhf1 Nf6 40. b5 cxb5 41. axb5 Ng4 42. Rb2 axb5 43. Re2 f5 44. e4 b6 45. Nb3 fxe4+ 46. Kd2 Nxf2 47. Ke3 Ng4+ 48. Kd2 e3+ 49. Kd3 Nf2+ 50. Kc3 Ne4+ 51. Kd3 Rxe2 0-1

[Event "Early-Titled-Tuesday-Blitz-May-28-2024"]
[Site "Chess.com"]
[Date "2024.05.28"]
[Round "5"]
[White "Navyblue1"]
[Black "Qvalda"]
[Result "1-0"]
[WhiteElo "2257"]
[BlackElo "2394"]
[TimeControl "180+1"]
[EndTime "8:56:42 PDT"]
[Termination "Navyblue1 won on time"]

1. d4 d5 2. c4 e6 3. Nc3 Nf6 4. cxd5 exd5 5. Nf3 c6 6. Bg5 Be7 7. e3 Bf5 8. h3 Nbd7 9. Bd3 Bxd3 10. Qxd3 O-O 11.
O-O Re8 12. Nd2 h6 13. Bh4 Ne4 14. Bxe7 Qxe7 15. Rae1 f5 16. f3 Ng3 17. Rf2 Qh4 18. Nf1 Nxf1 19. Rexf1 Qg5 20. f4 Qh5 21. Ne2 Rf8 22. Kh2 Rae8 23. Ng1 Nf6 24. Nf3 Ng4+ 25. Kg1 Nxf2 26. Rxf2 Re4 27. Ne5 Qh4 28. Qd2 Qg3 29. Rf3 Qh4 30. a3 Re8 31. b4 a6 32. Qc1 Qe7 33.
Qe1 Ra8 34. Rg3 a5 35. bxa5 Qxa3 36. Kh2 Qxa5 37. Qf2 Qa3 38. Qf3 Qe7 39. Qh5 Qf6 40. Rg6 Qf8 41. Qxh6 Rxe3 42. Rg5 Re8 43. Qh5 c5 44.
Ng6 Qd6 45. Ne5 1-0

[Event "Early-Titled-Tuesday-Blitz-May-28-2024"]
[Site "Chess.com"]
[Date "2024.05.28"]
[Round "5"]
[White "HouseOfDurin"]
[Black "Shivananda1964"]
[Result "1/2-1/2"]
[WhiteElo "2249"]
[BlackElo "2405"]
[TimeControl "180+1"]
[EndTime "8:56:43 PDT"]
[Termination "Game drawn - timeout vs insufficient material"]

1. d4 Nf6 2. Bg5 e6 3. e4 c5 4. Bxf6 Qxf6 5. c3 cxd4 6. cxd4 Nc6 7. Nf3 Bb4+ 8. Nc3 O-O 9. Be2 d6 10. O-O Bxc3 11. bxc3 e5 12. d5 Na5 13. Qa4 b6 14. h3 Qg6 15. Kh1 Qh6 16. Kh2 f5 17. exf5 Rxf5 18. Qh4 Qxh4 19. Nxh4 Rf4 20. g3 Rf8 21. f4 exf4 22. Rxf4 Rxf4 23. gxf4 Bd7 24. Bg4 Bxg4 25. hxg4 g6 26. Re1 Rc8 27. Re3 Kf8 28. f5 Re8 29. Rxe8+ Kxe8 30. fxg6 hxg6 31. Nxg6 Nc4 32.
Nf4 Ne3 33. Kg3 Nd1 34. c4 Ne3 35. g5 Nxc4 36. Kg4 Ne3+ 37. Kh5 Kf7 38. g6+ Kf6 39.
Kh6 Nf5+ 40. Kh7 b5 41. Nh5+ Ke5 42. g7 Nxg7 43. Nxg7 Kxd5 44. Ne8 Kc5 45. Nc7 b4 46. Na6+ Kc4 47. Kg6 d5 48. Kf5 d4 49. Ke4 d3 50.
Ke3 Kc3 51. Nc5 d2 52. Ne4+ Kb2 53. Kxd2 Kxa2 54. Kc1 a5 55. Nc5 b3 56. Nxb3 Kxb3 57.
Kb1 1/2-1/2

[Event "Early-Titled-Tuesday-Blitz-May-28-2024"]
[Site "Chess.com"]
[Date "2024.05.28"]
[Round "5"]
[White "BobbyFischer1508"]
[Black "ManMish2"]
[Result "0-1"]
[WhiteElo "2448"]
[BlackElo "2690"]
[TimeControl "180+1"]
[EndTime "8:56:44 PDT"]
[Termination "ManMish2 won on time"]

1. b3 e5 2. Bb2 Nc6 3. e3 Nf6 4. Bb5 d6 5. d4 Bd7 6. Ne2 Be7 7. Bxc6 Bxc6 8. dxe5 dxe5 9. Qxd8+ Rxd8 10. Bxe5 Ng4 11. Bxc7 Rc8 12. Bg3 Bxg2 13. Rg1 Bf3 14. Nd4 Bd5 15.
c4 Be4 16. Nc3 Bb4 17. Kd2 Rd8 18. a3 Bc5 19. Nxe4 Bxd4 20. exd4 Rxd4+ 21. Kc3 Rxe4 22. Rge1 Rxe1 23. Rxe1+ Kd7 24. Rd1+ Kc8 25. Rd4 Nh6 26. Re4 Nf5 27. Bf4 Rd8 28. b4 b6 29. a4 f6 30.
Bd2 Rd7 31. Re8+ Kb7 32. Bf4 a6 33. b5 axb5 34. axb5 g5 35. Be3 Nd6 36. Re6 f5 37.
Bd4 Ne4+ 0-1

[Event "Early-Titled-Tuesday-Blitz-May-28-2024"]
[Site "Chess.com"]
[Date "2024.05.28"]
[Round "5"]
[White "RandomNoob04"]
[Black "rhungaski"]
[Result "0-1"]
[WhiteElo "2768"]
[BlackElo "2588"]
[TimeControl "180+1"]
[EndTime "8:56:45 PDT"]
[Termination "rhungaski won by resignation"]

1. e4 e6 2. d4 d5 3. e5 c5 4. c3 Qb6 5. Nf3 Bd7 6. Bd3 cxd4 7. cxd4 Bb5 8. O-O Bxd3 9. Qxd3 Qa6 10. Qd1 Ne7 11.
Nc3 Nd7 12. Ne2 Rc8 13. Bd2 Nc6 14. Rc1 Qb6 15. b3 Ba3 16. Rc2 O-O 17. Ng3 Nxd4 18. Rxc8 Rxc8 19. Nh5 Nxf3+ 20. Qxf3 Nxe5 21. Qg3 Ng6 22.
Bc3 Bd6 23. Qh3 d4 24. Bd2 Rc2 25. Qd3 Qc5 26. Bb4 Bxh2+ 27. Kxh2 Qxh5+ 28. Kg1 Rc8 29. Qxd4 Qg5 30. Bd2 Qd5 31. Qe3 Rc2 32. Bb4 a5 33. Bc3 h5 34. b4 a4 35. a3 Nh4 36.
Qg3 Qxg2+ 37. Qxg2 Nxg2 38. Be5 Nh4 39. Rd1 Nf3+ 40.
Kh1 Nxe5 41. Rd8+ Kh7 42. Rb8 Rxf2 43. Kg1 Ra2 44. Rxb7 Rxa3 45. b5 Ra2 46. b6 Nc4 47. Rb8 Nxb6 48. Rxb6 a3 49. Ra6 h4 50. Ra4 g5 0-1

[Event "Early-Titled-Tuesday-Blitz-May-28-2024"]
[Site "Chess.com"]
[Date "2024.05.28"]
[Round "5"]
[White "subham777"]
[Black "Rdeux42"]
[Result "0-1"]
[WhiteElo "2553"]
[BlackElo "2437"]
[TimeControl "180+1"]
[EndTime "8:56:45 PDT"]
[Termination "Rdeux42 won on time"]

1. e4 c5 2. Nf3 d6 3. d4 cxd4 4.
Qxd4 Nf6 5. e5 Nc6 6. Bb5 Qa5+ 7. Nc3 Qxb5 8. Nxb5 Nxd4 9. Nbxd4 dxe5 10. Nxe5 a6 11.
Be3 Nd7 12. Nc4 b5 13. Na5 e6 14. O-O-O Bc5 15. Ndc6 Bxe3+ 16. fxe3 f6 17. Rd6 Kf7 18.
Rhd1 Nb8 19. Nxb8 Rxb8 20. Nc6 Ra8 21. Nd8+ Ke7 22. Nc6+ Kf7 23. b4 e5 24. Kb2 Bg4 25. R1d2 Rhc8 26. h3 Bf5 27. g4 Be4 28. Rd7+ Kf8 29.
Nd8 Rc4 30. Ne6+ Kg8 31. Rxg7+ Kh8 32. c3 Rac8 33. Rf7 Rxc3 34. Nc5 Rc4 35. Nxe4 Rxb4+ 36. Ka3 Rxe4 37. Rdd7 Rxe3+ 38. Kb4 Rxh3 39. Rxf6 e4 40. Rxa6 e3 41. Kxb5 Re8 42. Re6 Rxe6 43. Rd1 e2 44. Re1 Rd3 45. a4 Rd1 46. Rxe2 Rxe2 47. a5 Rc2 48. a6 Rb1+ 0-1

[Event "Early-Titled-Tuesday-Blitz-May-28-2024"]
[Site "Chess.com"]
[Date "2024.05.28"]
[Round "5"]
[White "RianKapriaga"]
[Black "Viacheslav92"]
[Result "0-1"]
[WhiteElo "2314"]
[BlackElo "2547"]
[TimeControl "180+1"]
[EndTime "8:56:45 PDT"]
[Termination "Viacheslav92 won on time"]

1. d4 Nf6 2. Nf3 e6 3. Bf4 d5 4. e3 c5 5. Nbd2 Nc6 6. c3 Bd6 7. Bg3 O-O 8. Bd3 b6 9. Qe2 Bb7 10. Rd1 Re8 11. Ne5 Bxe5 12. Bxe5 Nxe5 13. dxe5 Nd7 14.
f4 f6 15. Qh5 f5 16. O-O Qe7 17. g4 g6 18. Qh3 Rad8 19. gxf5 exf5 20. Nf3 Nf8 21. Ng5 Ne6 22. Nxe6 Qxe6 23. b3 a6 24. Qg3 Re7 25. h4 Kh8 26. Rf2 Red7 27. Qg5 Qe7 28. Qxe7 Rxe7 29. Rfd2 Kg7 30. Be2 Kf7 31. Bf3 Ke6 32. Kf2 b5 33. b4 cxb4 34. cxb4 Rc7 35.
a3 Rc3 36. Rd3 Rxd3 37. Rxd3 Rc8 38. Ke2 Rc2+ 39. Kd1 Rf2 40. Be2 d4 41. Rxd4 Bd5 42. Rd2 Rh2 43. Rc2 Bb3 44. Bd3 Rxh4 0-1

[Event "Early-Titled-Tuesday-Blitz-May-28-2024"]
[Site "Chess.com"]
[Date "2024.05.28"]
[Round "5"]
[White "unbreakablepawn35"]
[Black "aljado"]
[Result "1-0"]
[WhiteElo "2387"]
[BlackElo "2160"]
[TimeControl "180+1"]
[EndTime "8:56:45 PDT"]
[Termination "unbreakablepawn35 won on time"]

1. c4 e5 2. Nc3 Nf6 3. Nf3 Nc6 4. e3 d5 5. cxd5 Nxd5 6. Bb5 f6 7. O-O Be7 8. d4 Nxc3 9. bxc3 exd4 10. cxd4 O-O 11. Bd2 Bg4 12. h3 Bh5 13. Bc3 Kh8 14. Be2 Qd7 15.
Rb1 Rab8 16. Qa4 Rfd8 17. Rfd1 Bg6 18. Rb2 a6 19. d5 Na7 20. Qxd7 Rxd7 21. Bxa6 Be4 22.
Bc4 b5 23. Bb3 Ba3 24. Rbd2 Nc8 25. Nh4 Nd6 26. f3 Bf5 27. Nxf5 Nxf5 28. e4 Ne3 29. Re1 Nc4 30. Bxc4 bxc4 31. Kh1 Bb4 32. Rc1 Bxc3 33.
Rxc3 c6 34. d6 Rb4 35. Rd4 Ra4 36. Rcxc4 Rxc4 37. Rxc4 Rxd6 38. Kg1 Kg8 39. Kf2 Kf7 40. Ke3 Ke6 41. g4 Ke5 42. f4+ Ke6 43. a4 g5 44. f5+ Ke7 45. Rd4 1-0

[Event "Early-Titled-Tuesday-Blitz-May-28-2024"]
[Site "Chess.com"]
[Date "2024.05.28"]
[Round "5"]
[White "UK_23"]
[Black "Yan_Dyomin2010"]
[Result "0-1"]
[WhiteElo "2409"]
[BlackElo "2599"]
[TimeControl "180+1"]
[EndTime "8:56:46 PDT"]
[Termination "Yan_Dyomin2010 won by checkmate"]

1. e4 c5 2. Nf3 Nc6 3. Bb5 Nf6 4. Nc3 Qc7 5. Bxc6 dxc6 6. e5 Nd5 7. Ne4 Bg4 8. O-O e6 9. Re1 Be7 10. h3 Bxf3 11.
Qxf3 Qxe5 12. d3 O-O 13. c4 Nf6 14. Bf4 Qf5 15. Ng3 Qg6 16. b3 Rfd8 17. Rad1 Rd7 18.
Be5 Rad8 19. Bxf6 Bxf6 20. Ne4 Bd4 21. Re2 b6 22. Red2 e5 23. Ng3 Rd6 24. Nf5 Re6 25. Qe4 Kh8 26. Re2 Rd7 27. g4 Qg5 28. Kg2 g6 29.
Ng3 Rf6 30. f3 Rdd6 31. Ree1 Rf4 32. Qe2 f5 33. Rf1 h5 34. Rh1 h4 35. Nf1 e4 36.
Nh2 Re6 37. fxe4 fxe4 38. Rhf1 Qe5 39. Rxf4 Qxf4 40. Rf1 Qg3+ 41. Kh1 Qxd3 42. Qg2 Qg3 43. Qe2 Qxh3 44. Rf4 Qg3 45. Rf1 Kg7 46. Qd2 e3 47. Qe2 Rf6 48. Rg1 Qf2 49. Qd3 e2 50. Qd2 Qxg1# 0-1

[Event "Early-Titled-Tuesday-Blitz-May-28-2024"]
[Site "Chess.com"]
[Date "2024.05.28"]
[Round "5"]
[White "ozates"]
[Black "Giantgoogachess"]
[Result "1/2-1/2"]
[WhiteElo "2641"]
[BlackElo "2369"]
[TimeControl "180+1"]
[EndTime "8:56:47 PDT"]
[Termination "Game drawn by repetition"]

1. e4 c5 2. Nc3 e6 3. Nf3 a6 4. d4 cxd4 5. Nxd4 b5 6. g3 Bb7 7.
Bg2 Nf6 8. O-O b4 9. Na4 Bxe4 10. Bxe4 Nxe4 11. Re1 Nc5 12. c3 Nxa4 13. Qxa4 Qb6 14. Be3 Qb7 15. Rac1 h5 16. Bf4 Nc6 17. Nxc6 Qxc6 18.
Qxc6 dxc6 19. cxb4 Bxb4 20. Re4 a5 21. Rxc6 O-O 22.
h4 Rfc8 23. Rec4 Rxc6 24. Rxc6 a4 25. Rb6 Be7 26. Rb8+ Rxb8 27. Bxb8 Kf8 28. b3 axb3 29. axb3 Ke8 30. Kf1 Kd7 31. Ke2 Kc6 32. Kd3 Kb5 33.
Be5 f6 34. Bc3 g6 35. Ke4 Kc6 36. Kd3 Kd5 37. Bd2 e5 38. f3 f5 39. Bc3 Bd6 40. Ke3 e4 41. fxe4+ fxe4 42. Be1 Ke5 43. b4 Kd5 44. b5 Bc7 45. Ke2 Kc4 46. Ke3 Kd5 47. Ke2 Kc4 48. Ke3 Kd5 1/2-1/2

[Event "Early-Titled-Tuesday-Blitz-May-28-2024"]
[Site "Chess.com"]
[Date "2024.05.28"]
[Round "5"]
[White "Bykov_Egor"]
[Black "AwareIdea"]
[Result "1-0"]
[WhiteElo "2655"]
[BlackElo "2481"]
[TimeControl "180+1"]
[EndTime "8:56:47 PDT"]
[Termination "Bykov_Egor won by resignation"]

1. e4 e5 2. Nf3 Nc6 3. Bc4 Bc5 4. c3 Nf6 5. d4 exd4 6. cxd4 Bb4+ 7. Bd2 Bxd2+ 8.
Nbxd2 d5 9. exd5 Nxd5 10. O-O O-O 11. Ne5 Nce7 12. Ne4 a5 13. Rc1 Nb6 14. Bb3 a4 15. Bc2 Nbd5 16. Re1 Nb6 17. Ng5 Nf5 18. Ngxf7 Rxf7 19. Nxf7 Kxf7 20. Qh5+ g6 21. Qxh7+ Kf6 22. g4 Qxd4 23.
gxf5 Qg4+ 24. Kf1 Nd5 25. Qh8+ Kg5 26. h4+ Qxh4 27. Qxh4+ Kxh4 28. Re4+ Kg5 29. Rxa4 Rxa4 30. Bxa4 Bxf5 31. Bb3 c6 32. Bxd5 cxd5 33. Ke2 Bd7 34. Ke3 Kf5 35. Rc7 Bc6 36. b4 Ke5 37. b5 d4+ 38. Kd2 Bd5 39. a4 g5 40. a5 g4 41.
a6 bxa6 42. bxa6 Kd6 43. Rc8 Kd7 44. Rc5 Bf3 45. a7 Kd6 46. Rc8 d3 47. a8=Q Bxa8 48. Rxa8 1-0

[Event "Early-Titled-Tuesday-Blitz-May-28-2024"]
[Site "Chess.com"]
[Date "2024.05.28"]
[Round "5"]
[White "sammartin99"]
[Black "RespectfulDaveOnYouTube"]
[Result "0-1"]
[WhiteElo "2290"]
[BlackElo "2493"]
[TimeControl "180+1"]
[EndTime "8:56:47 PDT"]
[Termination "RespectfulDaveOnYouTube won by checkmate"]

1. d4 c5 2. d5 e6 3. c4 exd5 4. cxd5 d6 5. Nc3 Nf6 6. Nf3 g6 7. Nd2 Na6 8. e4 Nc7 9. a4 Bg7 10. Be2 O-O 11. O-O b6 12. f3 Rb8 13. Nc4 Ba6 14. Qc2 Qd7 15. b3 Bxc4 16. bxc4 Na6 17.
Rb1 Nb4 18. Qb3 Nh5 19. f4 Bd4+ 20. Kh1 Qe7 21. Bf3 Qh4 22. Bxh5 Qxh5 23. Nb5 Bg7 24.
Nxa7 Qe2 25. Bb2 Bxb2 26. Qxb2 Qxe4 27. Nb5 Qxc4 28. Nxd6 Qxd5 29. Nb5 Rbd8 30. h3 Rfe8 31. Rbd1 Nd3 32. Qb1 c4 33. Qc2 Qc5 34. Nc3 Nf2+ 35. Qxf2 Rxd1 36. Nxd1 Qb4 37. Qc2 Rd8 38. Nf2 Rd2 39. Qc1 c3 40. Ne4 Qxe4 41.
Re1 Qxg2# 0-1

[Event "Early-Titled-Tuesday-Blitz-May-28-2024"]
[Site "Chess.com"]
[Date "2024.05.28"]
[Round "5"]
[White "IMRosen"]
[Black "Mr_ruthless"]
[Result "0-1"]
[WhiteElo "2729"]
[BlackElo "2478"]
[TimeControl "180+1"]
[EndTime "8:56:48 PDT"]
[Termination "Mr_ruthless won by checkmate"]

1. d4 Nf6 2. Bf4 c5 3. e3 d5 4. Nf3 Nc6 5. Nbd2 e6 6. c3 Bd6 7. Bg3 O-O 8. Bb5 cxd4 9. exd4 Ne4 10. Nxe4 dxe4 11. Nd2 f5 12. Bxd6 Qxd6 13. Nc4 Qd5 14. Qb3 Bd7 15. Bxc6 Bxc6 16. Ne5 f4 17. Qxd5 exd5 18.
O-O Bb5 19. Rfe1 Rac8 20. Rac1 Rfe8 21. b3 Bd3 22. Rcd1 Bc2 23. Rc1 Rxc3 24. Nd7 b6 25. Ne5 Rec8 26. f3 e3 27. g3 g5 28. Re2 Bf5 29.
Rxc3 Rxc3 30. Kg2 Rc2 31. Kf1 Rc1+ 32. Kg2 Rc2 33. Rxc2 Bxc2 34. h4 h6 35. b4 Kg7 36.
b5 Ba4 37. Nc6 Bxb5 38. Nxa7 Bc4 39. gxf4 gxh4 40. a3 e2 41. Kf2 h3 42. Nc8 h2 43. f5 h1=Q 44. f6+ Kf8 45. Ke3 e1=Q+ 46. Kf4 Qhh4+ 47. Kf5 Qg5# 0-1

[Event "Early-Titled-Tuesday-Blitz-May-28-2024"]
[Site "Chess.com"]
[Date "2024.05.28"]
[Round "5"]
[White "HanSchut"]
[Black "abelmat"]
[Result "0-1"]
[WhiteElo "2338"]
[BlackElo "2069"]
[TimeControl "180+1"]
[EndTime "8:56:48 PDT"]
[Termination "abelmat won on time"]

1. e4 e6 2. d4 d5 3. e5 c5 4. c3 Qb6 5. Nf3 Bd7 6. Bd3 cxd4 7. cxd4 Bb5 8. O-O Bxd3 9. Qxd3 Nc6 10. Nc3 Nge7 11.
Rb1 Na5 12. Qb5+ Nec6 13. Qxb6 axb6 14. Nb5 Kd7 15. b3 Be7 16. Bd2 h6 17. Rfc1 Rhc8 18. Kf1 Nb4 19. Bxb4 Bxb4 20. Ke2 Be7 21. Kd3 Nc6 22.
a4 Nb4+ 23. Kd2 Na2 24. Rxc8 Rxc8 25. Rb2 Bb4+ 26. Ke3 Nc3 27. Nxc3 Rxc3+ 28. Ke2 Ba3 29. Rb1 Rc2+ 30. Ke3 Rc3+ 31. Kd2 Bb4 32. Ke2 Rc2+ 33. Ke3 Rc3+ 34. Ke2 Rc2+ 35. Ke3 Rc3+ 36. Kf4 Rc2 37. Kg3 Rc3 38. h4 Rd3 39. Kf4 Bc3 40. b4 Bxd4 41. a5 Bxf2 42. axb6 Bxb6 43. g3 Rc3 44. h5 Rc4+ 0-1

[Event "Early-Titled-Tuesday-Blitz-May-28-2024"]
[Site "Chess.com"]
[Date "2024.05.28"]
[Round "5"]
[White "ljuks68"]
[Black "Fh2411"]
[Result "1-0"]
[WhiteElo "2411"]
[BlackElo "2540"]
[TimeControl "180+1"]
[EndTime "8:56:52 PDT"]
[Termination "ljuks68 won on time"]

1. e4 c6 2. d4 d5 3. e5 Bf5 4. Nd2 e6 5. Nb3 Nd7 6. Nf3 Ne7 7. Be2 Nc8 8. O-O Be7 9. a4 O-O 10. a5 a6 11. h3 Na7 12. Nh2 c5 13. c3 Nc6 14.
Be3 c4 15. Nd2 Nxa5 16. g4 Bd3 17. f4 f5 18. gxf5 Bxf5 19. Bg4 Nc6 20. Rf2 Kh8 21.
Rg2 Qe8 22. Nhf1 Bh4 23. Bxf5 Rxf5 24. Qg4 Qe7 25. Nf3 Bf6 26. exf6 Nxf6 27. Qh4 Qd7 28. Ng3 Rf8 29. Nxf5 exf5 30. Ne5 Qc7 31. Ng6+ Kg8 32. Nxf8 Kxf8 33. Rg5 Ne7 34. Rg2 Qd7 35. Re1 h6 36.
Qg3 Nc8 37. Qg6 Nd6 38. Bf2 Nde4 39. Bh4 Ng8 40. Kh2 Qf7 41. Qxf7+ Kxf7 42. Rf1 g6 43. Rfg1 1-0

[Event "Early-Titled-Tuesday-Blitz-May-28-2024"]
[Site "Chess.com"]
[Date "2024.05.28"]
[Round "5"]
[White "SimplyDevina"]
[Black "SuperGPatzer"]
[Result "1-0"]
[WhiteElo "2311"]
[BlackElo "2035"]
[TimeControl "180+1"]
[EndTime "8:56:52 PDT"]
[Termination "SimplyDevina won on time"]

1. d4 c5 2. d5 h6 3. c4 d6 4.
Nc3 g5 5. e4 Bg7 6. Qc2 Nd7 7.
Bd3 Ne5 8. Nge2 Nf6 9. h3 Bd7 10.
Be3 Qa5 11. Bd2 Qc7 12. Ng3 a6 13. a4 O-O-O 14. a5 Kb8 15. Na4 Ng6 16. Nb6 Nh4 17. Kf1 Rhf8 18. Nf5 Bxf5 19. exf5 e6 20. Re1 exf5 21. Bxf5 Rfe8 22. Re3 Rxe3 23. Bxe3 Re8 24. g3 Nf3 25. Kg2 Ne5 26. b4 g4 27. h4 Ng6 28.
Bxg6 fxg6 29. bxc5 dxc5 30. Rb1 Ne4 31. Na4 Qe5 32.
Nxc5 Nxc5 33. Bxc5 Qe4+ 34. Qxe4 Rxe4 35. Bd6+ Kc8 36.
c5 Bd4 37. Bf8 Re2 38. Rf1 h5 39. c6 bxc6 40. dxc6 Kc7 41. Be7 Kxc6 42. Bg5 Kb5 43. Bf4 Kxa5 44. Kg1 Kb5 45. Rb1+ Kc4 46. Be3 Bxe3 47. fxe3 Rxe3 48. Rc1+ 1-0

[Event "Early-Titled-Tuesday-Blitz-May-28-2024"]
[Site "Chess.com"]
[Date "2024.05.28"]
[Round "5"]
[White "Losingexperience"]
[Black "chrisclaireredfield"]
[Result "1-0"]
[WhiteElo "2769"]
[BlackElo "2556"]
[TimeControl "180+1"]
[EndTime "8:56:53 PDT"]
[Termination "Losingexperience won on time"]

1. e4 e5 2. Nf3 Nf6 3. d4 Nxe4 4. dxe5 d5 5. Bd3 Nc5 6. Be2 Be7 7. O-O Bg4 8. h3 Bxf3 9. Bxf3 c6 10. Re1 O-O 11.
Nc3 Nbd7 12. Bf4 a5 13. a4 Nb6 14. b3 Ne6 15. Bd2 Bb4 16. Ne2 Qe7 17. Ng3 g6 18. c3 Bc5 19. Bh6 Rfe8 20. Qd2 Rad8 21. Kh2 Qc7 22.
Bg4 d4 23. Bxe6 Rxe6 24. Rad1 Nd5 25. cxd4 Bb4 26. Qg5 Bxe1 27. Rxe1 f6 28. Qg4 Rde8 29. f4 Kh8 30. f5 gxf5 31. Nxf5 Rg8 32. Bg7+ Rxg7 33.
Nxg7 Re7 34. Nf5 Re8 35. Nd6 Rg8 36. Qh5 Rxg2+ 37. Kh1 Rg6 38. Qf5 Qe7 39. Nc8 Qg7 40. Rf1 Qh6 41. Nd6 1-0

[Event "Early-Titled-Tuesday-Blitz-May-28-2024"]
[Site "Chess.com"]
[Date "2024.05.28"]
[Round "5"]
[White "TrahtarBelarus"]
[Black "Lady_Nika"]
[Result "0-1"]
[WhiteElo "2784"]
[BlackElo "2518"]
[TimeControl "180+1"]
[EndTime "8:56:53 PDT"]
[Termination "Lady_Nika won on time"]

1. c4 e6 2. g3 d5 3. Bg2 c6 4. Nf3 f5 5. O-O Nf6 6. d3 Bc5 7. Nc3 O-O 8. cxd5 exd5 9. e3 Nbd7 10. a3 a5 11. b3 Qe7 12. Ne2 Bd6 13. Bb2 Ne5 14.
Nf4 Bd7 15. h4 Be8 16. Qc2 h6 17. Nxe5 Bxe5 18. Bxe5 Qxe5 19. d4 Qe7 20. Qxf5 Bd7 21. Qe5 Qf7 22. b4 Bg4 23. b5 Rad8 24. bxc6 bxc6 25. f3 Rfe8 26. fxg4 Rxe5 27. dxe5 Nxg4 28. Bh3 h5 29. e6 Qe8 30. Bxg4 hxg4 31. Rab1 Qe7 32.
h5 Qxa3 33. Kg2 Qxe3 34. Rb7 Qe4+ 35. Kh2 Re8 36. Rf7 d4 37. Ng6 Qxe6 38. R1f2 d3 39. Rf8+ Kh7 40. R8f4 Qd5 41. Nf8+ Rxf8 42. Rxf8 d2 0-1

[Event "Early-Titled-Tuesday-Blitz-May-28-2024"]
[Site "Chess.com"]
[Date "2024.05.28"]
[Round "5"]
[White "rionelG"]
[Black "noblerone"]
[Result "0-1"]
[WhiteElo "2305"]
[BlackElo "2529"]
[TimeControl "180+1"]
[EndTime "8:56:53 PDT"]
[Termination "noblerone won on time"]

1. e4 c5 2. g3 e6 3. Bg2 Nc6 4. Ne2 d5 5. exd5 exd5 6. O-O Nf6 7. d4 Be7 8. dxc5 Bxc5 9. Nd2 O-O 10. Nb3 Be7 11. Ned4 h6 12. h3 Re8 13. c3 Bd7 14.
Bf4 a6 15. Re1 Qc8 16. Kh2 Nxd4 17. Nxd4 Bc6 18. Qd3 Bc5 19. Rad1 Rxe1 20. Rxe1 Qd7 21. Rd1 Re8 22. Be3 Bd6 23. Nf5 Bb5 24. Qc2 Bb8 25. Nd4 Bc6 26. Qf5 Qd6 27. Bf4 Qd8 28. Bxb8 Qxb8 29. Qd3 Qe5 30. Nf5 a5 31. Ne3 Ne4 32. Bxe4 dxe4 33. Qd4 Qb5 34. c4 Qg5 35. Kg1 h5 36. h4 Qg6 37. Qd6 Qxd6 38. Rxd6 Rc8 39. b3 g6 40. Rd4 Kf8 41. Kf1 Ke7 42. Ke2 Ke6 43. Nd1 Ke5 44. Ke3 f5 45. Nc3 Ra8 0-1

[Event "Early-Titled-Tuesday-Blitz-May-28-2024"]
[Site "Chess.com"]
[Date "2024.05.28"]
[Round "5"]
[White "tylityli"]
[Black "Blitz_Lover1"]
[Result "1/2-1/2"]
[WhiteElo "2379"]
[BlackElo "2540"]
[TimeControl "180+1"]
[EndTime "8:56:54 PDT"]
[Termination "Game drawn by repetition"]

1. d4 e5 2. dxe5 d6 3. Nf3 Nc6 4. e4 Nxe5 5. Nxe5 dxe5 6. Qxd8+ Kxd8 7. Nc3 c6 8. Bc4 f6 9. f4 Kc7 10. fxe5 fxe5 11. O-O Nf6 12. Bg5 Bc5+ 13. Kh1 Rf8 14. h3 Bd7 15. a3 Nh5 16. Kh2 Nf4 17. Ne2 Ne6 18. Bh4 Be3 19. Bg3 Nf4 20. Rf3 Bc5 21. Nxf4 exf4 22. Bxf4+ Bd6 23. e5 Bc5 24. e6+ Rxf4 25.
Rxf4 Bd6 26. g3 Bxf4 27. gxf4 Be8 28. f5 Rd8 29. Rg1 Rd2+ 30. Rg2 Rxg2+ 31. Kxg2 Kd6 32. Kg3 Ke5 33. Kg4 g6 34. Bd3 gxf5+ 35. Bxf5 h6 36. c3 c5 37. b4 cxb4 38. cxb4 Kf6 39. Kf4 Bc6 40. Bg4 Bd5 41. Bf5 Bxe6 42. Bxe6 Kxe6 43.
Kg4 Kf6 44. Kh5 Kg7 45. b5 b6 46. a4 Kh7 47. Kg4 Kg6 48. h4 h5+ 49. Kf4 Kf6 50. Ke4 Ke6 51. Kf4 Kf6 52. Ke4 Ke6 53. Kf4 Kf6 1/2-1/2

[Event "Early-Titled-Tuesday-Blitz-May-28-2024"]
[Site "Chess.com"]
[Date "2024.05.28"]
[Round "5"]
[White "Smiechu"]
[Black "KatakuriDono"]
[Result "1-0"]
[WhiteElo "2427"]
[BlackElo "2267"]
[TimeControl "180+1"]
[EndTime "8:56:54 PDT"]
[Termination "Smiechu won by resignation"]

1. e4 c5 2. Nf3 Nc6 3. d4 cxd4 4. Nxd4 Qb6 5. Nb3 Nf6 6. Bd3 d5 7. exd5 Nxd5 8. O-O g6 9. c4 Nf6 10. Be3 Qc7 11. Nc3 Bg7 12. Nd5 Qe5 13. f4 Qb8 14.
f5 b6 15. Bf4 Qb7 16. Nc7+ Kf8 17. Nxa8 Qxa8 18. Qf3 Bb7 19. Qe2 Nh5 20. Bd2 Nd4 21.
Qf2 Qd8 22. fxg6 Bf6 23. Bh6+ Ng7 24. gxh7 Nxb3 25. axb3 Qxd3 26. Rad1 Bd4 27. Qxd4 Qxd4+ 28. Rxd4 Bc6 29. Rd8+ Be8 30. Rxe8+ Kxe8 31. Bxg7 Rxh7 32. Bd4 Rh5 33. g4 Rg5 34. h3 b5 35. Kg2 bxc4 36.
bxc4 a5 37. Kg3 a4 38. h4 Ra5 39. h5 a3 40. bxa3 Rxa3+ 41. Kf4 f6 42. Kf5 Ra5+ 43. Kg6 Rg5+ 44. Kh7 Rxg4 45. Rd1 Kf7 46. h6 f5 47. c5 f4 48. c6 Rg8 49. c7 Rc8 50. Be5 f3 51. Rf1 Ke6 52. Bg3 Rf8 53. Rxf3 Rxf3 54.
c8=Q+ Kf7 55. Qg8+ Kf6 56. Qf8+ 1-0